3AAA
PAWNEE PARKSNREC @ SUNSET DISTRICT FOG
08/06/2022
 
TOP OF THE 1ST
Pawnee ParksNRec batting - Pitching for Sunset District Fog : RHP Mimosa Joseph
Pitching: RHP Mimosa Joseph
Batting: RHB Tony Romero 0-0: Swinging Strike
0-1: Foul Ball, location: 2F
0-2: Foul Ball, location: 2F
0-2: Strikes out swinging
Batting: RHB Jim Unknown 0-0: Called Strike
0-1: Ground out 5-3 (Groundball, 56S)
Batting: RHB Roberto Maestas 0-0: Called Strike
0-1: Ground out 6-3 (Groundball, 6)
Top of the 1st over - 0 run(s), 0 hit(s), 0 error(s), 0 left on base; Pawnee 0 - Sunset District 0
BOTTOM OF THE 1ST
Sunset District Fog batting - Pitching for Pawnee ParksNRec : RHP Howard Ritchie
Pitching: RHP Howard Ritchie
Batting: RHB Manuel Rodríguez 0-0: Bunted foul
0-1: Fly out, F3 (Popup, 3D)
Batting: RHB Francisco Torres 0-0: Called Strike
0-1: Ball
1-1: Ball
2-1: Ground out 5-3 (Groundball, 56)
Batting: RHB Jim Lee 0-0: Ball
1-0: Ball
2-0: Called Strike
2-1: Ball
3-1: Called Strike
3-2: Ground out 4-3 (Groundball, 4)
Bottom of the 1st over - 0 run(s), 0 hit(s), 0 error(s), 0 left on base; Pawnee 0 - Sunset District 0
TOP OF THE 2ND
Pawnee ParksNRec batting - Pitching for Sunset District Fog : RHP Mimosa Joseph
Batting: LHB Jim Unknown 0-0: Called Strike
0-1: Swinging Strike
0-2: Ball
1-2: Strikes out swinging
Batting: RHB Alfredo Suárez 0-0: Ball
1-0: Ball
2-0: Called Strike
2-1: Ball
3-1: Called Strike
3-2: Base on Balls
Batting: RHB Yoshiyuki Sasaki 0-0: Ball
1-0: Ball
2-0: Called Strike
2-1: Called Strike
2-2: Ball
3-2: Grounds into double play, 5-4-3 (Groundball, 5L)
Top of the 2nd over - 0 run(s), 0 hit(s), 0 error(s), 0 left on base; Pawnee 0 - Sunset District 0
BOTTOM OF THE 2ND
Sunset District Fog batting - Pitching for Pawnee ParksNRec : RHP Howard Ritchie
Batting: SHB Brian Ray 0-0: Called Strike
0-1: Ball
1-1: Ball
2-1: Called Strike
2-2: Strikes out swinging
Batting: RHB Marshall Attwood 0-0: Ball
1-0: Ball
2-0: Called Strike
2-1: Ground out 6-3 (Groundball, 6)
Batting: RHB Roberto Andrade 0-0: Ball
1-0: SINGLE (Groundball, 56)
Batting: RHB Zach King 0-0: Ball
1-0: Called Strike
Roberto Andrade steals 2nd base
1-1: Ball
2-1: Foul Ball, location: 2F
2-2: Fly out, F7 (Flyball, 7D)
Bottom of the 2nd over - 0 run(s), 1 hit(s), 0 error(s), 1 left on base; Pawnee 0 - Sunset District 0
TOP OF THE 3RD
Pawnee ParksNRec batting - Pitching for Sunset District Fog : RHP Mimosa Joseph
Batting: SHB José Carlos Nieves 0-0: Called Strike
0-1: Ball
1-1: Called Strike
1-2: Foul Ball, location: 2F
1-2: Foul Ball, location: 2F
1-2: Ball
2-2: Foul Ball, location: 2F
2-2: Ball
3-2: SINGLE (Groundball, 3S)
Batting: LHB Ernesto Sánchez 0-0: Called Strike
0-1: Ball
1-1: Ball
2-1: SINGLE (Groundball, 34D)
José Carlos Nieves to second
Runner from 2nd tries for 3rd, SAFE, throw made to third
Batting: RHB Eldon McGillivour 0-0: Foul Ball, location: 2F
0-1: Ball
1-1: SINGLE (Groundball, 4M)
José Carlos Nieves scores
Ernesto Sánchez to second
Batting: RHB Tony Romero 0-0: Called Strike
0-1: Bunt missed!
0-2: Foul Ball, location: 2F
0-2: Strikes out swinging
Batting: RHB Jim Unknown 0-0: Called Strike
0-1: Swinging Strike
0-2: Foul Ball, location: 2F
0-2: Foul Ball, location: 2F
0-2: Ball
1-2: Ball
2-2: Foul Ball, location: 2F
2-2: Ball
3-2: Foul Ball, location: 2F
3-2: Grounds into double play, 5-4-3 (Groundball, 56)
Top of the 3rd over - 1 run(s), 3 hit(s), 0 error(s), 1 left on base; Pawnee 1 - Sunset District 0
BOTTOM OF THE 3RD
Sunset District Fog batting - Pitching for Pawnee ParksNRec : RHP Howard Ritchie
Batting: RHB Michael Hart 0-0: Ball
1-0: Ball
2-0: Ball
3-0: Base on Balls
Batting: RHB Steve McLeod 0-0: Ball
1-0: Foul Ball, location: 2F
1-1: 2-RUN HOME RUN (Flyball, 9LD), Distance : 356 ft
Batting: RHB Manuel Rodríguez 0-0: Fly out, F8 (Flyball, 8RM)
Batting: RHB Francisco Torres 0-0: Called Strike
0-1: Called Strike
0-2: Foul Ball, location: 2F
0-2: Ball
1-2: DOUBLE (Flyball, 89M)
Batting: RHB Jim Lee 0-0: Ball
1-0: Fly out, F5 (Line Drive, 5D)
Batting: SHB Brian Ray 0-0: Ball
1-0: Ball
2-0: SINGLE (Flyball, 8LS)
Francisco Torres to third
Runner from 3rd tries for Home, SAFE, no throw or cutoff
Batting: RHB Marshall Attwood 0-0: Called Strike
0-1: Swinging Strike
0-2: Strikes out swinging
Bottom of the 3rd over - 3 run(s), 3 hit(s), 0 error(s), 1 left on base; Pawnee 1 - Sunset District 3
TOP OF THE 4TH
Pawnee ParksNRec batting - Pitching for Sunset District Fog : RHP Mimosa Joseph
Batting: RHB Roberto Maestas 0-0: Ground out 5-3 (Groundball, 56)
Batting: LHB Jim Unknown 0-0: Ground out 4-3 (Groundball, 4)
Batting: RHB Alfredo Suárez 0-0: Ball
1-0: Swinging Strike
1-1: Swinging Strike
1-2: Ball
2-2: Strikes out swinging
Top of the 4th over - 0 run(s), 0 hit(s), 0 error(s), 0 left on base; Pawnee 1 - Sunset District 3
BOTTOM OF THE 4TH
Sunset District Fog batting - Pitching for Pawnee ParksNRec : RHP Howard Ritchie
Batting: RHB Roberto Andrade 0-0: Ball
1-0: Called Strike
1-1: Swinging Strike
1-2: Ball
2-2: Fly out, F2 (Popup, 2RF)
Batting: RHB Zach King 0-0: Called Strike
0-1: Ball
1-1: Ground out 6-3 (Groundball, 6)
Batting: RHB Michael Hart 0-0: Foul Ball, location: 2F
0-1: Ball
1-1: Called Strike
1-2: Ground out 6-3 (Groundball, 6)
Bottom of the 4th over - 0 run(s), 0 hit(s), 0 error(s), 0 left on base; Pawnee 1 - Sunset District 3
TOP OF THE 5TH
Pawnee ParksNRec batting - Pitching for Sunset District Fog : RHP Mimosa Joseph
Batting: RHB Yoshiyuki Sasaki 0-0: Ground out 6-3 (Groundball, 6)
Batting: SHB José Carlos Nieves 0-0: Fly out, F9 (Flyball, 9D)
Batting: LHB Ernesto Sánchez 0-0: Foul Ball, location: 2F
0-1: Swinging Strike
0-2: Foul Ball, location: 2F
0-2: Foul Ball, location: 2F
0-2: Fly out, F5 (Popup, 5F)
Top of the 5th over - 0 run(s), 0 hit(s), 0 error(s), 0 left on base; Pawnee 1 - Sunset District 3
BOTTOM OF THE 5TH
Sunset District Fog batting - Pitching for Pawnee ParksNRec : RHP Howard Ritchie
Batting: RHB Steve McLeod 0-0: Ball
1-0: Foul Ball, location: 2F
1-1: SINGLE (Groundball, 6MD) (infield hit)
Batting: RHB Manuel Rodríguez 0-0: Ball
1-0: Bunted foul
1-1: Bunt missed!
1-2: Fielders Choice at 2nd, 5-4 (Groundball, 56)
Batting: RHB Francisco Torres 0-0: Foul Ball, location: 2F
0-1: Foul Ball, location: 2F
0-2: Ball
1-2: Foul Ball, location: 2F
1-2: Ball
2-2: SINGLE (Flyball, 8LS)
Manuel Rodríguez to second
Batting: RHB Jim Lee 0-0: Ball
1-0: DOUBLE (Groundball, 5L)
Manuel Rodríguez scores
Francisco Torres to third
Batting: SHB Brian Ray 0-0: Foul Ball, location: 2F
0-1: Ball
1-1: Ball
2-1: Foul Ball, location: 2F
2-2: Ball
3-2: Ground out 5-3 (Groundball, 56S)
Francisco Torres scores
Jim Lee to third
Batting: RHB Marshall Attwood 0-0: Called Strike
0-1: Foul Ball, location: 2F
0-2: Ball
1-2: Foul Ball, location: 2F
1-2: Foul Ball, location: 2F
1-2: DOUBLE (Line Drive, 5D)
Jim Lee scores
Pitching: RHP Jim Unknown
Batting: RHB Roberto Andrade 0-0: Ball
1-0: Ball
2-0: Ball
3-0: Base on Balls
Batting: RHB Zach King 0-0: Called Strike
0-1: Ball
1-1: Ball
2-1: Ground out 6-3 (Groundball, 6)
Bottom of the 5th over - 3 run(s), 4 hit(s), 0 error(s), 2 left on base; Pawnee 1 - Sunset District 6
TOP OF THE 6TH
Pawnee ParksNRec batting - Pitching for Sunset District Fog : RHP Mimosa Joseph
Batting: RHB Eldon McGillivour 0-0: Foul Ball, location: 2F
0-1: Foul Ball, location: 2F
0-2: Ground out 4-3 (Groundball, 4)
Batting: RHB Tony Romero 0-0: Called Strike
0-1: Ball
1-1: Ball
2-1: Ball
3-1: Foul Ball, location: 2F
3-2: Ground out 2-3 (Groundball, 25)
Batting: RHB Jim Unknown 0-0: Ball
1-0: Called Strike
1-1: Ground out 6-3 (Groundball, 6)
Top of the 6th over - 0 run(s), 0 hit(s), 0 error(s), 0 left on base; Pawnee 1 - Sunset District 6
BOTTOM OF THE 6TH
Sunset District Fog batting - Pitching for Pawnee ParksNRec : RHP Jim Unknown
Batting: RHB Michael Hart 0-0: SINGLE (Flyball, 7S)
Batting: RHB Steve McLeod 0-0: Bunted foul
0-1: Ball
1-1: Bunted foul
1-2: Ball
2-2: Ground out 5-3 (Groundball, 56S)
Michael Hart to second
Batting: RHB Manuel Rodríguez 0-0: Ball
1-0: Ball
2-0: Foul Ball, location: 2F
2-1: DOUBLE (Groundball, 5L)
Michael Hart scores
Batting: RHB Francisco Torres 0-0: Ball
1-0: Foul Ball, location: 2F
1-1: Ball
2-1: Ball
Manuel Rodríguez is caught stealing 3rd base
3-1: Fly out, F7 (Flyball, 7M)
Bottom of the 6th over - 1 run(s), 2 hit(s), 0 error(s), 0 left on base; Pawnee 1 - Sunset District 7
TOP OF THE 7TH
Pawnee ParksNRec batting - Pitching for Sunset District Fog : RHP Mimosa Joseph
Batting: RHB Roberto Maestas 0-0: Called Strike
0-1: Ball
1-1: Fly out, F7 (Flyball, 7LMF)
Batting: LHB Jim Unknown 0-0: Called Strike
0-1: Called Strike
0-2: Ball
1-2: Ball
2-2: Ground out 4-3 (Groundball, 4)
Batting: RHB Alfredo Suárez 0-0: Foul Ball, location: 2F
0-1: Swinging Strike
0-2: Ball
1-2: Ball
2-2: Foul Ball, location: 2F
2-2: Foul Ball, location: 2F
2-2: Ground out 5-3 (Groundball, 5)
Top of the 7th over - 0 run(s), 0 hit(s), 0 error(s), 0 left on base; Pawnee 1 - Sunset District 7
BOTTOM OF THE 7TH
Sunset District Fog batting - Pitching for Pawnee ParksNRec : RHP Jim Unknown
Batting: RHB Jim Lee 0-0: Ball
1-0: Ball
2-0: Called Strike
2-1: Swinging Strike
2-2: Ball
3-2: Foul Ball, location: 2F
3-2: Fly out, F4 (Popup, 4)
Batting: SHB Brian Ray 0-0: Called Strike
0-1: Ball
1-1: Foul Ball, location: 2F
1-2: SINGLE (Groundball, 3D)
Batting: RHB Marshall Attwood 0-0: Ball
1-0: Ball
2-0: Fly out, F7 (Flyball, 7D)
Batting: RHB Roberto Andrade 0-0: Swinging Strike
0-1: Swinging Strike
0-2: Ball
1-2: Ball
2-2: Foul Ball, location: 2F
2-2: Ball
3-2: Strikes out swinging
Bottom of the 7th over - 0 run(s), 1 hit(s), 0 error(s), 1 left on base; Pawnee 1 - Sunset District 7
TOP OF THE 8TH
Pawnee ParksNRec batting - Pitching for Sunset District Fog : RHP Mimosa Joseph
Pitching: RHP Del Lamb
Batting: RHB Yoshiyuki Sasaki 0-0: Called Strike
0-1: Swinging Strike
0-2: Foul Ball, location: 2F
0-2: Strikes out swinging
Batting: SHB José Carlos Nieves 0-0: Fly out, F6 (Popup, 4M)
Batting: LHB Ernesto Sánchez 0-0: Fly out, F9 (Flyball, 9D)
Top of the 8th over - 0 run(s), 0 hit(s), 0 error(s), 0 left on base; Pawnee 1 - Sunset District 7
BOTTOM OF THE 8TH
Sunset District Fog batting - Pitching for Pawnee ParksNRec : RHP Jim Unknown
Batting: RHB Zach King 0-0: Called Strike
0-1: Ball
1-1: Ball
2-1: Called Strike
2-2: Ball
3-2: Ground out 5-3 (Groundball, 5)
Batting: RHB Michael Hart 0-0: Ball
1-0: Foul Ball, location: 2F
1-1: Ball
2-1: Foul Ball, location: 2F
2-2: SINGLE (Line Drive, 89M)
Pitching: RHP Jim Unknown
Batting: RHB Steve McLeod 0-0: 2-RUN HOME RUN (Flyball, 78XD), Distance : 430 ft
Batting: RHB Manuel Rodríguez 0-0: Foul Ball, location: 2F
0-1: Ball
1-1: SINGLE (Line Drive, 56)
Batting: RHB Francisco Torres 0-0: Called Strike
0-1: Called Strike
Manuel Rodríguez is caught stealing 2nd base
0-2: Ball
1-2: SINGLE (Line Drive, 34)
Batting: RHB Jim Lee 0-0: Called Strike
0-1: Ball
1-1: Foul Ball, location: 2F
1-2: Ball
2-2: Ground out 6-3 (Groundball, 6)
Bottom of the 8th over - 2 run(s), 4 hit(s), 0 error(s), 1 left on base; Pawnee 1 - Sunset District 9
TOP OF THE 9TH
Pawnee ParksNRec batting - Pitching for Sunset District Fog : RHP Del Lamb
Batting: RHB Eldon McGillivour 0-0: Ball
1-0: Ball
2-0: Ball
3-0: Base on Balls
Batting: RHB Tony Romero 0-0: Called Strike
0-1: Ball
1-1: Ball
2-1: Ground out 5-3 (Groundball, 5S)
Eldon McGillivour to second
Batting: RHB Jim Unknown 0-0: Ball
1-0: Ball
Wild Pitch!
Eldon McGillivour to third
2-0: Called Strike
2-1: Ball
3-1: Foul Ball, location: 2F
3-2: Foul Ball, location: 2F
3-2: Base on Balls
Batting: RHB Roberto Maestas 0-0: Swinging Strike
0-1: Ball
Passed Ball!
Eldon McGillivour scores
Jim Unknown to second
1-1: Swinging Strike
1-2: Strikes out looking
Batting: LHB Jim Unknown 0-0: Ball
1-0: Called Strike
1-1: Swinging Strike
1-2: Ground out 3-1 (Groundball, 34)
Top of the 9th over - 1 run(s), 0 hit(s), 0 error(s), 1 left on base; Pawnee 2 - Sunset District 9
This league is powered by Out of the Park Baseball, the baseball management simulation game for PC, Mac and Linux
Friday, April 15th, 2016 - OOTP Baseball 16.9 Build 39